 Dungeon Crawl Stone Soup version 0.25.1-1-g288607f5aa (webtiles) character file.

Game seed: 6015350332421752905

1388 Ijustatesigmund the Chopper (level 8, -2/61 HPs)
             Began as an Octopode Fighter on July 24, 2020.
             Slain by a wraith (7 damage)
             ... on level 5 of the Dungeon.
             The game lasted 00:12:18 (5955 turns).

Ijustatesigmund the Chopper (Octopode Fighter)      Turns: 5955, Time: 00:12:19

Health: -2/61      AC:  1    Str: 16    XL:     8   Next: 68%
Magic:  8/8        EV: 14    Int: 10    God:
Gold:   115        SH: 11    Dex: 13    Spells: 7/7 levels left

rFire    . . .     SeeInvis .   a - +3 war axe
rCold    . . .     Gourm    .   b - +1 kite shield
rNeg     . . .     Faith    .   (helmet restricted)
rPois    .         Spirit   .   (no amulet)
rElec    .         Reflect  .   (no ring)
rCorr    .         Harm     .   (no ring)
MR       .....     Clarity  +   (no ring)
Stlth    ++........             (no ring)
HPRegen  0.20/turn              (no ring)
MPRegen  0.11/turn              (no ring)
                                (no ring)
                                (no ring)

@: lethally poisoned (-2 -> -7), hasted and slowed
A: almost no armour, stealthy swim, amphibious, 8 rings, constrict 8, camouflage
1, clarity, robust 1, gelatinous body 1
a: no special abilities


You were on level 5 of the Dungeon.
You were not hungry.

You visited 1 branch of the dungeon, and saw 6 of its levels.
You also visited: Sewer.

You collected 303 gold pieces.
You spent 188 gold pieces at shops.

Inventory:

Hand Weapons
 a - a +3 war axe (weapon)
 t - a +4 flail of holy wrath
Missiles
 h - 6 javelins (quivered)
Armour
 b - a +1 kite shield (worn)
Wands
 g - a wand of acid (5)
 s - a wand of digging (6)
Scrolls
 j - 2 scrolls of remove curse
 l - 6 scrolls of teleportation
 p - a scroll of magic mapping
 q - a scroll of fear
Potions
 e - a potion of might
 f - 2 potions of flight
 i - a potion of curing
 k - a potion of magic
 m - a potion of stabbing
 n - 2 potions of brilliance
 o - a potion of haste
 u - a potion of mutation
 v - a potion of ambrosia {unknown}
Comestibles
 d - 9 rations


   Skills:
 + Level 5.4 Fighting
 * Level 6.8 Axes
 + Level 5.5 Dodging
 + Level 5.4 Shields


You had 7 spell levels left.
You didn't know any spells.
Your spell library was empty.

Dungeon Overview and Level Annotations

Branches:
Dungeon (6/15)              Sewer (visited)
 Temple: D:4-7

Altars:
Fedhas
Zin

Shops:
D:4 =   D:5 ?

Annotations:
D:4 2 transporters, Asdor's ghost, amateur DsAK


Innate Abilities, Weirdness & Mutations

You cannot wear most types of armour.
You are very stealthy in the water. (Stealth+)
You are amphibious.
You can wear up to eight rings at the same time.
You can use your tentacles to constrict eight enemies at once.
Your skin changes colour to match your surroundings (Stealth+).
Your rubbery body absorbs attacks. (AC +1, EV +1)
You possess an exceptional clarity of mind.
You are robust. (+10% HP)


Message History

You feel better. The killer bee closely misses you.
The killer bee barely misses you. You block the wraith's attack.
You block the killer bee's attack.
It was a potion of haste.
You feel yourself speed up. The killer bee barely misses you.
You block the wraith's attack. You block the killer bee's attack.
The wraith hits you!
* * * LOW HITPOINT WARNING * * *
The wraith drains your vigour!
You feel as though you will be slow longer.
The killer bee closely misses you.
You feel better. The killer bee completely misses you. The wraith misses you.
The killer bee stings you!
* * * LOW HITPOINT WARNING * * *
You are lethally poisoned!
The killer bee poisons you!
You feel better. The killer bee stings you.
* * * LOW HITPOINT WARNING * * *
You are lethally poisoned!
The killer bee poisons you! The wraith hits you!
You die...

#....#.#.# #.#.##.#.#
#.#....#)#
#.######.###########
#.####.#...........#
#....#.###########.#
####.#...).........#
#.#.##################
#.#.#@W...............
#.#.y)#####.#####.....
#......##...# #.###.
#####..##.#### #...#.
#.....##....######.#.
#.#...#####.##...#.#.
#.##..#####.##.#.#.#.
#....................
####.<##########.....


You could see a wraith and a killer bee.

Vanquished Creatures
  Edmund (D:4)
  2 ogres
  A centaur (D:5)
  A big kobold (D:4)
  3 scorpions
  5 killer bees (D:5)
  An orc wizard (D:4)
  4 hounds
  A centaur skeleton (D:4)
  An orc priest (D:3)
  An iguana (D:4)
  3 worker ants
  A hound skeleton (D:5)
  2 river rats (Sewer)
  11 adders
  An ooze (D:1)
  4 worms
  3 dart slugs
  5 leopard geckos
  19 orcs
  3 giant cockroaches
  3 goblins
  3 hobgoblins
  21 jackals
  A quokka (D:1)
  9 ball pythons
  2 bats (D:3)
  9 frilled lizards
  26 kobolds
  17 rats
  5 plants (D:4)
169 creatures vanquished.

Vanquished Creatures (others)
  A plant (D:4)
1 creature vanquished.

Grand Total: 170 creatures vanquished

Notes
Turn   | Place    | Note
-------+----------+-------------------------------------------
     0 | D:1      | Ijustatesigmund the Octopode Fighter began the quest for
                  | the Orb.
     0 | D:1      | Reached XP level 1. HP: 16/16 MP: 1/1
   114 | D:1      | Gained mutation: You possess an exceptional clarity of
                  | mind. [potion of mutation]
   114 | D:1      | Gained mutation: You are robust. (+10% HP) [potion of
                  | mutation]
   311 | D:1      | Reached XP level 2. HP: 22/23 MP: 2/2
  1014 | D:1      | Reached XP level 3. HP: 24/28 MP: 3/3
  1260 | D:2      | Reached skill level 3 in Axes
  1260 | D:2      | Reached XP level 4. HP: 20/34 MP: 4/4
  2012 | D:2      | Reached XP level 5. HP: 39/39 MP: 5/5
  2266 | D:3      | Found Zin's Purification Station.
  2269 | D:3      | Found a glowing silver altar of Zin.
  2273 | D:3      | Bought a potion of curing for 90 gold pieces
  2323 | D:3      | Found a glowing drain.
  2389 | Sewer    | Entered a sewer
  2716 | Sewer    | Reached skill level 4 in Axes
  3113 | D:3      | Reached XP level 6. HP: 47/47 MP: 6/6
  4016 | D:4      | Reached XP level 7. HP: 22/53 MP: 7/7
  4020 | D:4      | Reached skill level 5 in Axes
  4183 | D:4      | Found Sewkaant's Jewellery Emporium.
  4193 | D:4      | Found a blossoming altar of Fedhas.
  4408 | D:4      | Noticed Edmund
  4417 | D:4      | Killed Edmund
  4563 | D:4      | Reached XP level 8. HP: 59/59 MP: 8/8
  4584 | D:4      | Found a transporter.
  4585 | D:4      | Noticed Asdor's ghost (amateur DsAK)
  4586 | D:4      | Identified the +4 great mace "Beastslayer" {vorpal, MP+9
                  | Dex+2 Stlth+}
  4670 | D:4      | Found a transporter.
  4943 | D:5      | Entered Level 5 of the Dungeon
  4959 | D:5      | Reached skill level 6 in Axes
  4959 | D:5      | Reached skill level 5 in Dodging
  5038 | D:5      | Reached skill level 5 in Fighting
  5038 | D:5      | Reached skill level 5 in Shields
  5045 | D:5      | Found Nefaydgh's Magic Scroll Boutique.
  5069 | D:5      | Bought a scroll of teleportation for 42 gold pieces
  5069 | D:5      | Bought a scroll of identify for 28 gold pieces
  5069 | D:5      | Bought a scroll of identify for 28 gold pieces
  5493 | D:6      | Noticed a wraith
  5955 | D:5      | Slain by a wraith

Illustrated notes

Levels and vault maps discovered:
D:1:      dpeg_arrival_erosion, layout_basic
D:2:      layout_basic
D:3:      layout_rooms, zin_purify, portal_sewer_entry_a
D:4:      kennysheep_kobold_camp, layout_basic, gammafunk_ghost_smash,
          serial_shops, shop, fedhas_altar_3, uniq_edmund
D:5:      layout_basic, serial_shops, shop, first_ration
D:6:      layout_cave_pods

Skill      XL: |  1  2  3  4  5  6  7  8 |
---------------+-------------------------+-----
Axes           | 3 4 5 6 |  6.8
Dodging        | 4 5 |  5.5
Shields        | 4 5 |  5.4
Fighting       | 4 5 |  5.4

Action                   |  1- 3 |  4- 6 |  7- 9 || total
-------------------------+-------+-------+-------++-------
Melee: War axe           |    42 |   157 |    92 ||   291
       Tentacles         |     9 |    28 |    24 ||    61
       Constrict         |     6 |    47 |    22 ||    75
Throw: Javelin           |       |     1 |    11 ||    12
Evoke: Wand              |       |     2 |     9 ||    11
  Use: Scroll            |     6 |     7 |     7 ||    20
       Potion            |     2 |       |     6 ||     8
 Stab: Sleeping          |     4 |    16 |     1 ||    21
       Paralysed         |       |     2 |       ||     2
  Eat: Chunk             |     1 |     9 |     5 ||    15
       Ration            |       |       |     1 ||     1
Armor: Skin              |     1 |     5 |     1 ||     7
Dodge: Dodged            |    28 |    52 |    66 ||   146
Block: Kite shield       |    27 |    60 |    46 ||   133
